[Event "Titled Tuesday Blitz April 05 Early 2022"]
[White "Shohat, Yotam"]
[Black "Matveeva, Olga"]
[WhiteFideId "2813955"]
[BlackFideId "24107018"]
[WhiteElo "2119"]
[BlackElo "2083"]
[Result "1-0"]
[Round "03"]
[TimeControl "180+1"]
[Date "2022.04.05"]
[WhiteClock "0:02:45"]
[BlackClock "0:01:49"]

1. e4 e6 2. d4 d5 3. Nc3 Nf6 4. e5 Nfd7 5. Nce2 c5 6. c3 cxd4 7. cxd4 Nc6 8. Nf3 f6 9. exf6 Nxf6 10. Nc3 Bd6 11. Bd3 O-O 12. O-O Bd7 13. Bg5 Be8 14. Bh4 Bh5 15. Be2 Ne4 16. Nxe4 Be7 17. Bxe7 Qxe7 18. Ng3 Bg4 19. h3 1-0


[Site "https://www.chess.com"]

[Event "Titled Tuesday Blitz April 05 Early 2022"]
[White "Shtyka, Sergey"]
[Black "Rosenberg, Evan S"]
[WhiteFideId "4138465"]
[BlackFideId "2019299"]
[WhiteElo "2014"]
[BlackElo "2264"]
[Result "1-0"]
[Round "03"]
[TimeControl "180+1"]
[Date "2022.04.05"]
[WhiteClock "0:00:13"]
[BlackClock "0:00:03"]

1. e4 c6 2. Nf3 d5 3. Nc3 dxe4 4. Nxe4 Nf6 5. Nxf6+ exf6 6. g3 Be6 7. Bg2 Bd5 8. O-O Be7 9. Re1 O-O 10. b3 c5 11. d4 a5 12. c4 Bxf3 13. Bxf3 cxd4 14. Bxb7 Ra7 15. Bd5 Bc5 16. Bb2 a4 17. Bxd4 Bxd4 18. Qxd4 Rd7 19. Rad1 Nc6 20. Qe3 Ne5 21. f4 Ng4 22. Qf3 Qb6+ 23. Kg2 f5 24. h3 Nf6 25. Qf2 Qd8 26. Bf3 axb3 27. axb3 Rd3 28. c5 Ne4 29. Qe2 Rxd1 30. Rxd1 Qe7 31. b4 g6 32. Rd4 Re8 33. c6 Qa7 34. Rd7 Qb6 35. b5 Qc5 36. Bxe4 Rxe4 37. Qb2 Re8 38. c7 Qc4 39. Rd8 Qe4+ 40. Kh2 h5 41. c8=Q Kh7 42. Rxe8 1-0


[Site "https://www.chess.com"]

[Event "Titled Tuesday Blitz April 05 Early 2022"]
[White "Shyaamnikhil P"]
[Black "Bortnyk, Olexandr"]
[WhiteFideId "5024218"]
[BlackFideId "14120828"]
[WhiteElo "2329"]
[BlackElo "2723"]
[Result "0-1"]
[Round "03"]
[TimeControl "180+1"]
[Date "2022.04.05"]
[WhiteClock "0:01:28"]
[BlackClock "0:02:17"]

1. e4 Nf6 2. e5 Nd5 3. Nf3 d6 4. d4 dxe5 5. Nxe5 c6 6. Be2 Bf5 7. O-O Nd7 8. Nf3 e6 9. c4 N5f6 10. Nc3 Bd6 11. h3 O-O 12. Bd3 Bg6 13. Bxg6 hxg6 14. b3 e5 15. Bb2 Qc7 16. c5 Be7 17. Nxe5 Nxe5 18. dxe5 Qxe5 19. Na4 Qf5 20. Qb1 Ne4 21. Bd4 Rfd8 22. Be3 Bf6 23. f3 Ng3 24. Qxf5 Nxf5 0-1


[Site "https://www.chess.com"]

[Event "Titled Tuesday Blitz April 05 Early 2022"]
[White "Simonovic, Miroslav"]
[Black "Avazkhonov, Alikhon"]
[WhiteFideId "919152"]
[BlackFideId "14208504"]
[WhiteElo "2043"]
[BlackElo "1739"]
[Result "0-1"]
[Round "03"]
[TimeControl "180+1"]
[Date "2022.04.05"]
[WhiteClock "0:00:19"]
[BlackClock "0:00:08"]

1. d4 d5 2. Bg5 h6 3. Bh4 c5 4. c3 Nc6 5. e3 Nf6 6. Bxf6 exf6 7. g3 c4 8. Bg2 Be7 9. e4 Be6 10. Nd2 O-O 11. exd5 Bxd5 12. Bxd5 Qxd5 13. Qf3 Qb5 14. O-O-O Rac8 15. Ne2 a5 16. d5 Ne5 17. Nd4 Qb6 18. Nxc4 Rxc4 19. Qe2 Rfc8 20. f4 Rxd4 21. fxe5 Rxc3+ 22. Kb1 Re3 23. Qf2 fxe5 24. Rdf1 Bf6 25. Qxe3 Rd1+ 26. Qc1 Rxc1+ 27. Rxc1 e4 28. Rc2 Qd4 29. Re1 Qxd5 30. Rce2 Qd3+ 31. Ka1 Qd4 32. Kb1 a4 33. a3 Qd3+ 34. Ka2 Qb3+ 35. Kb1 e3 36. Rc2 Qd3 37. Kc1 Bd4 38. Ree2 Be5 39. Rc8+ Kh7 40. Rcc2 Qe4 41. Re1 Qf3 42. Rce2 Bd4 43. Kc2 Qe4+ 44. Kc1 Qd3 45. Rc2 b5 46. Rce2 Qb3 47. Rc2 b4 48. axb4 Qxb4 49. Rd1 a3 50. bxa3 Qxa3+ 51. Kb1 Qa1# 0-1


[Site "https://www.chess.com"]

[Event "Titled Tuesday Blitz April 05 Early 2022"]
[White "Siva Mahadevan"]
[Black "Martin Carmona, Gaston Manuel"]
[WhiteFideId "25043153"]
[BlackFideId "22284567"]
[WhiteElo "2203"]
[BlackElo "2146"]
[Result "1-0"]
[Round "03"]
[TimeControl "180+1"]
[Date "2022.04.05"]
[WhiteClock "0:01:01"]
[BlackClock "0:00:04"]

1. e4 e6 2. d4 d5 3. Nd2 c5 4. exd5 Qxd5 5. dxc5 Nf6 6. Ngf3 Qxc5 7. Bd3 Nbd7 8. O-O Be7 9. Qe2 O-O 10. b3 Qc7 11. Bb2 b6 12. Ne5 Bb7 13. Rfe1 Nxe5 14. Bxe5 Qc6 15. Nf3 Rac8 16. Rad1 Rfd8 17. Bb5 Qxc2 18. Rxd8+ Bxd8 19. Qe3 Nd5 20. Qd4 Bf6 21. Bd3 Qxa2 22. Qe4 g6 23. Bxf6 Qxb3 24. Ba1 Qb4 25. Bd4 Re8 26. h3 f6 27. Rb1 Qd6 28. Bc4 Nc3 29. Qxb7 Nxb1 30. Bxf6 Qf8 31. Be5 Re7 32. Qc6 Qe8 33. Qd6 a5 34. Ng5 Rd7 35. Bxe6+ 1-0


[Site "https://www.chess.com"]

[Event "Titled Tuesday Blitz April 05 Early 2022"]
[White "Sjugirov, Sanan"]
[Black "Tanenbaum, Zachary"]
[WhiteFideId "4189302"]
[BlackFideId "2060850"]
[WhiteElo "2602"]
[BlackElo "2168"]
[Result "*"]
[Round "03"]
[TimeControl "180+1"]
[Date "2022.04.05"]
[WhiteClock "0:01:54"]
[BlackClock "0:01:17"]

1. e4 e5 2. Nf3 Nc6 3. Bb5 a6 4. Ba4 d6 5. O-O Nf6 6. Re1 Be7 7. c3 O-O 8. h3 b5 9. Bb3 Nb8 10. d4 Nbd7 11. Nbd2 Bb7 12. Bc2 Re8 13. Nf1 Bf8 14. Ng3 g6 15. Bd2 Bg7 16. Qc1 c5 17. d5 c4 18. Bh6 Qe7 19. Nh2 Qf8 20. Bxg7 Qxg7 21. Rf1 Nc5 22. Qd2 Nfd7 23. f4 exf4 24. Rxf4 Ne5 25. Raf1 Re7 26. Ng4 Nxg4 27. Rxg4 Qe5 28. Nf5 Rc7 29. Nh6+ Kg7 30. Rf5 Qe8 31. Qd4+ Kf8 *


[Site "https://www.chess.com"]

[Event "Titled Tuesday Blitz April 05 Early 2022"]
[White "Skliarov, Viktor"]
[Black "Sethuraman, S.P."]
[WhiteFideId "14106736"]
[BlackFideId "5021596"]
[WhiteElo "2229"]
[BlackElo "2473"]
[Result "*"]
[Round "03"]
[TimeControl "180+1"]
[Date "2022.04.05"]
[WhiteClock "0:01:09"]
[BlackClock "0:01:46"]

1. e4 c5 2. Nf3 Nc6 3. Bb5 e6 4. Bxc6 bxc6 5. d3 Ne7 6. Qe2 d6 7. e5 Nf5 8. exd6 Bxd6 9. O-O O-O 10. Nc3 Re8 11. Ne4 Bf8 12. b3 e5 13. Ba3 Qa5 14. Bb2 f6 15. a4 Be6 16. Ba3 Rad8 17. Qe1 Qxe1 18. Rfxe1 Bd5 19. Nfd2 Nd4 20. Rac1 Ne6 21. Nf1 f5 22. Nc3 Nd4 *


[Site "https://www.chess.com"]

[Event "Titled Tuesday Blitz April 05 Early 2022"]
[White "Smirnov, Pavel"]
[Black "Vlassov, Nikolai"]
[WhiteFideId "4123425"]
[BlackFideId "4103360"]
[WhiteElo "2539"]
[BlackElo "2407"]
[Result "*"]
[Round "03"]
[TimeControl "180+1"]
[Date "2022.04.05"]
[WhiteClock "0:01:20"]
[BlackClock "0:01:25"]

1. e4 Nc6 2. Nf3 d5 3. exd5 Qxd5 4. Nc3 Qa5 5. d4 Bg4 6. Bb5 O-O-O 7. Bxc6 bxc6 8. Qe2 Kb7 9. h3 Qh5 10. Be3 Bxf3 11. gxf3 e6 12. O-O-O Bb4 13. Qc4 Bxc3 14. Qxc3 Qxf3 15. d5 exd5 16. Qd4 Nf6 17. Qxa7+ Kc8 18. Rhg1 Qxh3 19. Rxg7 Qe6 20. Bf4 Ne8 21. Rg3 Nd6 *


[Site "https://www.chess.com"]

[Event "Titled Tuesday Blitz April 05 Early 2022"]
[White "Sovetbekova, Nurai"]
[Black "Tan, Jun Ying"]
[WhiteFideId "13801910"]
[BlackFideId "5710413"]
[WhiteElo "1538"]
[BlackElo "1827"]
[Result "0-1"]
[Round "03"]
[TimeControl "180+1"]
[Date "2022.04.05"]
[WhiteClock "0:00:22"]
[BlackClock "0:00:46"]

1. d4 Nf6 2. c4 c5 3. d5 e6 4. Nc3 exd5 5. cxd5 d6 6. Nf3 g6 7. e4 a6 8. a4 Bg4 9. Be2 Bxf3 10. Bxf3 Bg7 11. O-O O-O 12. Be2 Nbd7 13. Qc2 Re8 14. Bd2 Qe7 15. f3 Nh5 16. Nd1 Bd4+ 17. Be3 Nf4 18. Kh1 Nxe2 19. Qxe2 f5 20. Bxd4 cxd4 21. Qf2 fxe4 22. fxe4 Rf8 23. Qe1 Rxf1+ 24. Qxf1 Qxe4 25. Nf2 Qxd5 26. Rd1 Rf8 27. Qe2 Ne5 28. h3 Qc4 29. Qd2 Qxa4 30. Ne4 d5 31. Ng5 d3 32. Ne6 Rf6 33. Nc5 Qc2 34. Nxd3 Rf1+ 35. Kh2 Qxd1 0-1


[Site "https://www.chess.com"]

[Event "Titled Tuesday Blitz April 05 Early 2022"]
[White "Srebrnic, Marko"]
[Black "Vusatiuk, Vladimir"]
[WhiteFideId "14603616"]
[BlackFideId "14118610"]
[WhiteElo "2340"]
[BlackElo "2157"]
[Result "0-1"]
[Round "03"]
[TimeControl "180+1"]
[Date "2022.04.05"]
[WhiteClock "0:01:18"]
[BlackClock "0:00:20"]

1. e4 c5 2. Nf3 Nc6 3. d4 cxd4 4. Nxd4 Nf6 5. Nc3 e5 6. Nb3 Bb4 7. Bg5 Bxc3+ 8. bxc3 h6 9. Bxf6 Qxf6 10. Bc4 d6 11. O-O O-O 12. f4 exf4 13. Nd4 Ne5 14. Bd5 Ng4 15. Qd2 Ne3 16. Qxe3 fxe3 17. Rxf6 gxf6 18. Rf1 Be6 19. Bxb7 Rab8 20. Bc6 Kg7 21. Rf3 Rb1+ 22. Rf1 Rfb8 23. Nb3 Rxf1+ 24. Kxf1 Bc4+ 25. Ke1 a5 26. Bd5 Bxd5 27. exd5 a4 28. Nd4 Rb2 29. Ke2 Rxa2 30. Kxe3 Ra1 31. c4 a3 32. c5 dxc5 33. Nb5 a2 34. Nc3 Re1+ 0-1


[Site "https://www.chess.com"]

[Event "Titled Tuesday Blitz April 05 Early 2022"]
[White "Stromboli, Ettore"]
[Black "Mirzoev, Azer"]
[WhiteFideId "813761"]
[BlackFideId "13400304"]
[WhiteElo "2414"]
[BlackElo "2525"]
[Result "0-1"]
[Round "03"]
[TimeControl "180+1"]
[Date "2022.04.05"]
[WhiteClock "0:00:08"]
[BlackClock "0:01:42"]

1. e4 c5 2. Nf3 d6 3. d4 cxd4 4. Nxd4 Nf6 5. f3 a6 6. c4 e5 7. Nc2 Be6 8. Nc3 Nbd7 9. Be2 Rc8 10. Ne3 Be7 11. O-O O-O 12. Kh1 Nc5 13. b4 Ncd7 14. Ncd5 Nb6 15. Qb3 Nbxd5 16. exd5 Bd7 17. Ba3 Nh5 18. Rfd1 Nf4 19. Bf1 b6 20. c5 bxc5 21. bxc5 dxc5 22. d6 Bg5 23. Bxa6 Rb8 24. Qc2 Qa5 25. Nc4 Qxa6 26. Nxe5 Be6 27. Bxc5 Ng6 28. Nxg6 hxg6 29. d7 Rfd8 30. Rab1 Rxb1 31. Qxb1 Rxd7 32. Qb8+ Kh7 33. Rxd7 Bxd7 34. Qa7 Qf1+ 35. Bg1 Be6 36. a4 Bh4 37. a5 Bh3 0-1


[Site "https://www.chess.com"]

[Event "Titled Tuesday Blitz April 05 Early 2022"]
[White "Taboas Rodriguez, Daniel"]
[Black "Pesotskiy, Mikhail"]
[WhiteFideId "2208466"]
[BlackFideId "34164453"]
[WhiteElo "2429"]
[BlackElo "2010"]
[Result "1-0"]
[Round "03"]
[TimeControl "180+1"]
[Date "2022.04.05"]
[WhiteClock "0:00:54"]
[BlackClock "0:00:04"]

1. d4 Nf6 2. Nf3 e6 3. c4 Bb4+ 4. Nbd2 a5 5. a3 Bxd2+ 6. Bxd2 b6 7. Bg5 h6 8. Bh4 Bb7 9. Nd2 d6 10. f3 e5 11. d5 Nbd7 12. b4 O-O 13. e4 axb4 14. axb4 Rxa1 15. Qxa1 Qa8 16. Qb2 Qa4 17. Bd3 Ra8 18. O-O Qa2 19. Rb1 Qxb2 20. Rxb2 Ra3 21. Bb1 Kf8 22. Ra2 Rxa2 23. Bxa2 Ke8 24. Bb3 g5 25. Bf2 Nh5 26. g3 Kd8 27. Ba4 Nb8 28. Be3 Bc8 29. Bc2 Na6 30. b5 Nc5 31. Kf2 f6 32. Ke2 Ng7 33. Bf2 f5 34. exf5 Nxf5 35. Be4 Ke7 36. Be3 Nxe3 37. Kxe3 Kf6 38. Bc2 Bd7 39. Nb1 Bc8 40. Nc3 Bd7 41. Na2 Bc8 42. Nb4 Bb7 43. Bd3 Bc8 44. Bf1 Kf7 45. h4 Kf6 46. Bd3 Kf7 47. Bc2 Kf6 48. Kf2 Kf7 49. Kg2 Kf6 50. Kh2 Kf7 51. Bd3 Kf6 52. Bf1 gxh4 53. gxh4 Bf5 54. Bh3 Bd3 55. Na6 Nxa6 56. bxa6 Bxc4 57. Bc8 Bxa6 58. Bxa6 Kf5 59. Kg2 Kf4 60. Kf2 e4 61. Be2 exf3 62. Bxf3 b5 63. h5 b4 64. Bd1 1-0


[Site "https://www.chess.com"]

[Event "Titled Tuesday Blitz April 05 Early 2022"]
[White "Tarigan, Gilbert Elroy"]
[Black "Moskvin, Anatoly"]
[WhiteFideId "7108133"]
[BlackFideId "24199990"]
[WhiteElo "1908"]
[BlackElo "2079"]
[Result "1-0"]
[Round "03"]
[TimeControl "180+1"]
[Date "2022.04.05"]
[WhiteClock "0:00:04"]
[BlackClock "0:00:04"]

1. e4 e5 2. Nf3 d5 3. Nxe5 Bd6 4. d4 dxe4 5. Bc4 Bxe5 6. Qh5 Qe7 7. Qxe5 Nc6 8. Qxg7 Qf6 9. Qxf6 Nxf6 10. c3 Rg8 11. Bf4 Rxg2 12. Bg3 e3 13. fxe3 Rxb2 14. O-O Ng4 15. Bxf7+ Ke7 16. Bh4+ Kd6 17. Na3 Be6 18. e4 Ne7 19. Nc4+ Bxc4 20. Bxc4 b5 21. Bb3 a5 22. e5+ Kd7 23. Rf7 Re8 24. e6+ Kd8 25. Raf1 Nxh2 26. Rxe7 Nxf1 27. Rxe8+ Kxe8 28. Bd5 Re2 29. Kxf1 Kf8 30. Kxe2 1-0


[Site "https://www.chess.com"]

[Event "Titled Tuesday Blitz April 05 Early 2022"]
[White "Tasev, Dejan"]
[Black "volunteers1998"]
[WhiteFideId "936618"]
[WhiteElo "2253"]
[BlackElo "2321"]
[Result "1-0"]
[Round "03"]
[TimeControl "180+1"]
[Date "2022.04.05"]
[WhiteClock "0:00:22"]
[BlackClock "0:00:02"]

1. e4 c5 2. Nf3 Nc6 3. Nc3 Nf6 4. d4 cxd4 5. Nxd4 e5 6. Ndb5 d6 7. Bg5 a6 8. Na3 b5 9. Nd5 Be7 10. Bxf6 Bxf6 11. c3 Bg5 12. Nc2 Rb8 13. Bd3 O-O 14. Nce3 Ne7 15. O-O Be6 16. Bc2 Kh8 17. Bb3 f5 18. exf5 Nxf5 19. Nxf5 Bxf5 20. Qe2 Qd7 21. Rad1 Bg6 22. Bc2 Bxc2 23. Qxc2 Qe6 24. Qe4 Rbc8 25. b3 a5 26. Rd3 Rf7 27. f3 Qf5 28. Qxf5 Rxf5 29. Re1 g6 30. Re4 Kg7 31. g4 Rf7 32. Kf2 Bd8 33. Ke2 Rd7 34. c4 bxc4 35. Rxc4 Rxc4 36. bxc4 Rb7 37. Rb3 Rxb3 38. axb3 Kf7 39. Kd3 Ke6 40. Ke4 Bg5 41. h3 Bd2 42. Nc7+ Kd7 43. Nb5 Kc6 44. Kd3 Bb4 45. Na7+ Kb7 46. Nb5 Kc6 47. Ke4 Be1 48. f4 exf4 49. Kxf4 Bd2+ 50. Ke4 Be1 51. Kd3 Bg3 52. Nd4+ Kd7 53. Ke4 Be5 54. Nf3 Bg3 55. Kd5 Bf4 56. Nd4 Bg3 57. Nc6 Be1 58. Na7 Bd2 59. Nb5 Be1 60. Nd4 Bd2 61. Nf3 Bc3 62. Ng5 h6 63. Ne4 Bg7 64. Nxd6 Be5 65. Kxe5 1-0


[Site "https://www.chess.com"]

[Event "Titled Tuesday Blitz April 05 Early 2022"]
[White "Timofeev, Artyom"]
[Black "Karas, Marek"]
[WhiteFideId "4140419"]
[BlackFideId "14928558"]
[WhiteElo "2594"]
[BlackElo "2271"]
[Result "*"]
[Round "03"]
[TimeControl "180+1"]
[Date "2022.04.05"]
[WhiteClock "0:01:54"]
[BlackClock "0:01:22"]

1. e4 e6 2. g3 d5 3. Bg2 Nf6 4. Nc3 Be7 5. d4 dxe4 6. Nxe4 Nbd7 7. Ne2 O-O 8. O-O c5 9. N4c3 cxd4 10. Nxd4 Nc5 11. Be3 a6 12. Nb3 Nxb3 13. axb3 Qc7 14. Bf4 e5 15. Bg5 Be6 16. Qe2 h6 17. Bxf6 Bxf6 18. Nd5 Bxd5 19. Bxd5 Rad8 20. Qe4 Rd7 21. b4 Rfd8 *


[Site "https://www.chess.com"]

[Event "Titled Tuesday Blitz April 05 Early 2022"]
[White "Tregubov, Pavel V."]
[Black "Namitbir Singh Walia"]
[WhiteFideId "4115341"]
[BlackFideId "35071068"]
[WhiteElo "2341"]
[BlackElo "1565"]
[Result "1-0"]
[Round "03"]
[TimeControl "180+1"]
[Date "2022.04.05"]
[WhiteClock "0:00:25"]
[BlackClock "0:00:01"]

1. e4 c5 2. Nf3 Nc6 3. c3 d5 4. exd5 Qxd5 5. d4 Nf6 6. Be2 e6 7. O-O Be7 8. c4 Qd8 9. dxc5 Bxc5 10. a3 a5 11. Qxd8+ Nxd8 12. Nc3 Nc6 13. Nb5 O-O 14. Bf4 Bd7 15. Rad1 h6 16. Bd6 Bxd6 17. Rxd6 Rad8 18. Rfd1 Bc8 19. Rxd8 Rxd8 20. Rxd8+ Nxd8 21. Ne5 Nd7 22. Nd3 Nc6 23. Nd6 Ne7 24. c5 Nf6 25. Bf3 Nfd5 26. Ne5 f6 27. Nec4 a4 28. Bxd5 exd5 29. Nb6 Be6 30. Nxa4 Nc6 31. Nxb7 d4 32. Nd6 Bb3 33. Nb6 d3 34. Nbc4 Kf8 35. f3 Ke7 36. Kf2 Ne5 37. Nd2 1-0


[Site "https://www.chess.com"]

[Event "Titled Tuesday Blitz April 05 Early 2022"]
[White "Tuleyeva-Aketayeva, Dana"]
[Black "Niyazgulova, Marina"]
[WhiteFideId "13701932"]
[BlackFideId "24142573"]
[WhiteElo "1875"]
[BlackElo "2046"]
[Result "0-1"]
[Round "03"]
[TimeControl "180+1"]
[Date "2022.04.05"]
[WhiteClock "0:00:02"]
[BlackClock "0:00:53"]

1. d4 d5 2. Nf3 Nf6 3. g3 c6 4. Bg2 Bf5 5. O-O h6 6. c4 e6 7. Nfd2 Bd6 8. Nc3 O-O 9. Re1 Nbd7 10. e4 dxe4 11. Ndxe4 Nxe4 12. Nxe4 Bb4 13. Bd2 Qa5 14. Bxb4 Qxb4 15. Qb3 Qxb3 16. axb3 Bxe4 17. Bxe4 Nf6 18. Bg2 Rfd8 19. Red1 Rd7 20. Kf1 a6 21. Rd2 Rad8 22. Rad1 Kf8 23. Ke2 Ke7 24. h3 h5 25. b4 g6 26. Bf3 Ne8 27. d5 exd5 28. cxd5 cxd5 29. Rxd5 Nd6 30. g4 hxg4 31. hxg4 Rc7 32. R1d2 f6 33. Rc5 Rdc8 34. Rdc2 Rxc5 35. bxc5 Nb5 36. Ke3 Rc7 37. b4 Ke6 0-1


[Site "https://www.chess.com"]

[Event "Titled Tuesday Blitz April 05 Early 2022"]
[White "Tymrakiewicz, Rafal"]
[Black "Politov, Pavel Y."]
[WhiteFideId "1108832"]
[BlackFideId "24110515"]
[WhiteElo "2205"]
[BlackElo "2090"]
[Result "1-0"]
[Round "03"]
[TimeControl "180+1"]
[Date "2022.04.05"]
[WhiteClock "0:00:22"]
[BlackClock "0:00:02"]

1. d4 d5 2. Bg5 Nf6 3. Bxf6 exf6 4. e3 g6 5. g3 Bg7 6. Bg2 f5 7. Ne2 c6 8. Nd2 Nd7 9. O-O Nf6 10. c4 Be6 11. Nf4 O-O 12. Qb3 Qd7 13. cxd5 Bxd5 14. Nxd5 Nxd5 15. Bxd5 cxd5 16. Rac1 Rfc8 17. Nb1 f4 18. Nc3 fxe3 19. fxe3 Rd8 20. Na4 Qe7 21. Rc5 Bh6 22. Rf3 Re8 23. Kf2 Rac8 24. Rxc8 Rxc8 25. Nc3 Re8 26. Nxd5 Qe6 27. Nf6+ Kg7 28. Nxe8+ Qxe8 29. g4 Qd7 30. h3 b6 31. Qc4 Qe7 32. Qd5 f6 33. a3 Bg5 34. e4 Qc7 35. e5 Qc2+ 36. Kg3 Bh4+ 37. Kxh4 1-0


[Site "https://www.chess.com"]

[Event "Titled Tuesday Blitz April 05 Early 2022"]
[White "Vasquez Schroeder, Rodrigo"]
[Black "Piesik, Piotr"]
[WhiteFideId "3400042"]
[BlackFideId "1136194"]
[WhiteElo "2561"]
[BlackElo "2190"]
[Result "*"]
[Round "03"]
[TimeControl "180+1"]
[Date "2022.04.05"]
[WhiteClock "0:01:43"]
[BlackClock "0:01:19"]

1. e4 g6 2. Nf3 Bg7 3. d4 c6 4. Nc3 d6 5. a4 Nf6 6. a5 O-O 7. h3 Nbd7 8. Be3 Rb8 9. e5 Ne8 10. Bc4 d5 11. Bb3 Nc7 12. O-O f6 13. exf6 exf6 14. Bf4 Ra8 15. Re1 Rf7 16. Na4 Nf8 17. Qd2 Bf5 18. Nc3 Qd7 19. Nh2 g5 20. Bg3 h5 21. Nf1 Nce6 22. Ne2 Re8 23. Ne3 Bg6 24. c4 f5 25. cxd5 f4 26. dxe6 Nxe6 *


[Site "https://www.chess.com"]

[Event "Titled Tuesday Blitz April 05 Early 2022"]
[White "Voege, Tobias"]
[Black "Jakubowska, Anna"]
[WhiteFideId "1270513"]
[BlackFideId "1121952"]
[WhiteElo "2297"]
[BlackElo "1924"]
[Result "1-0"]
[Round "03"]
[TimeControl "180+1"]
[Date "2022.04.05"]
[WhiteClock "0:01:01"]
[BlackClock "0:00:58"]

1. e4 Nf6 2. Nc3 d6 3. d4 g6 4. Nf3 Bg7 5. Bc4 O-O 6. h3 c6 7. Be3 Nxe4 8. Bxf7+ Rxf7 9. Nxe4 h6 10. Qd2 Be6 11. Bxh6 Bd5 12. Bxg7 Kxg7 13. Neg5 Rf8 14. b3 b6 15. c4 Bg8 16. d5 cxd5 17. cxd5 Nd7 18. Qd4+ Nf6 19. Ne6+ Bxe6 20. dxe6 Qc8 21. O-O Qxe6 22. Rfe1 Qd7 23. Rad1 Rad8 24. Ng5 e5 25. Qc4 d5 26. Qc3 e4 27. Nxe4 Qf5 28. Ng3 Qd7 29. Qd4 Rde8 30. Rc1 Kg8 31. Rxe8 Qxe8 32. Qd3 Ne4 33. Qxd5+ 1-0


[Site "https://www.chess.com"]

[Event "Titled Tuesday Blitz April 05 Early 2022"]
[White "Vokarev, Sergey"]
[Black "Rustemov, Alexander"]
[WhiteFideId "4119711"]
[BlackFideId "4119002"]
[WhiteElo "2343"]
[BlackElo "2817"]
[Result "*"]
[Round "03"]
[TimeControl "180+1"]
[Date "2022.04.05"]
[WhiteClock "0:01:33"]
[BlackClock "0:01:15"]

1. e4 e6 2. d4 d5 3. exd5 exd5 4. Nf3 Bd6 5. c4 Nf6 6. c5 Be7 7. Bd3 O-O 8. O-O b6 9. Be3 bxc5 10. dxc5 Nbd7 11. Qc2 c6 12. Nbd2 a5 13. Rfe1 Ba6 14. Bxa6 Rxa6 15. Bd4 Re8 16. a4 Nf8 17. Re2 Ne6 18. Rae1 Ra7 19. g3 Rb7 20. b3 Bf8 21. Qc3 Rb4 *


[Site "https://www.chess.com"]

[Event "Titled Tuesday Blitz April 05 Early 2022"]
[White "Vovk, Orest"]
[Black "Lashkin, Jegor"]
[WhiteFideId "14113490"]
[BlackFideId "13907808"]
[WhiteElo "2203"]
[BlackElo "2368"]
[Result "0-1"]
[Round "03"]
[TimeControl "180+1"]
[Date "2022.04.05"]
[WhiteClock "0:00:02"]
[BlackClock "0:00:12"]

1. h4 Nf6 2. h5 h6 3. Nc3 d5 4. e4 dxe4 5. Qe2 Bf5 6. Qb5+ Bd7 7. Qxb7 Nc6 8. Bb5 Rb8 9. Qxc6 Bxc6 10. Bxc6+ Nd7 11. Nxe4 Rb6 12. Ba4 Qa8 13. Rh4 Re6 14. d3 f5 15. Bb3 Re5 16. f4 Ra5 17. Bd2 Rb5 18. Nc3 Qxg2 19. O-O-O Rxb3 20. axb3 e6 21. Nge2 Bc5 22. d4 Be7 23. Rhh1 Kf7 24. d5 Bf6 25. dxe6+ Kxe6 26. Be3 Re8 27. Nd4+ Kf7 28. Nxf5 Nb6 29. Bxb6 axb6 30. Nd5 Re2 31. Nfe3 Qe4 32. Rh3 Bd4 33. Rd3 c6 34. Nc3 Bxe3+ 35. Kb1 Qxf4 36. Nxe2 Qf1+ 37. Ka2 Qxh3 38. Nd4 Qd7 39. Nf3 Qa7+ 40. Kb1 Bf4 41. Rd7+ 0-1


[Site "https://www.chess.com"]

[Event "Titled Tuesday Blitz April 05 Early 2022"]
[White "Weetik, Vjacheslav"]
[Black "Sliwicka, Alicja"]
[WhiteFideId "4153472"]
[BlackFideId "1150677"]
[WhiteElo "2469"]
[BlackElo "2120"]
[Result "0-1"]
[Round "03"]
[TimeControl "180+1"]
[Date "2022.04.05"]
[WhiteClock "0:00:04"]
[BlackClock "0:00:46"]

1. d4 Nf6 2. c4 c5 3. d5 b5 4. Nf3 e6 5. Bg5 h6 6. Bxf6 Qxf6 7. Qc2 bxc4 8. Nc3 Na6 9. a3 Nc7 10. e4 exd5 11. exd5 d6 12. Bxc4 Bf5 13. Qa4+ Bd7 14. Qa5 Rc8 15. O-O Be7 16. Ne4 Qg6 17. Rfe1 O-O 18. Ng3 Bf6 19. Re2 a6 20. Qd2 Nb5 21. Bd3 Qg4 22. h3 Qa4 23. Bc2 Qc4 24. Re4 Nd4 25. Bd3 Qb3 26. Nxd4 Bxd4 27. Nh5 Qxb2 28. Qxb2 Bxb2 29. Rb1 Bf5 30. Rxb2 c4 31. Bc2 c3 32. Ra2 Bxe4 33. Bxe4 Rfe8 34. Ng3 g6 35. Rc2 f5 36. Bd3 Re1+ 37. Kh2 Ra1 38. Ne2 Rxa3 39. Nd4 Rb8 40. Nc6 Rb2 41. Rc1 c2 42. Rxc2 Rxc2 43. Bxc2 Ra2 44. Bd3 a5 45. f3 a4 46. Bc4 Rc2 47. Bd3 Rc3 48. Bb1 a3 49. Kg3 Rb3 50. Ba2 Rb2 51. Bc4 a2 52. Bxa2 Rxa2 53. Kf4 Rxg2 0-1


[Site "https://www.chess.com"]

[Event "Titled Tuesday Blitz April 05 Early 2022"]
[White "Xu, Yi"]
[Black "Cori T., Deysi"]
[WhiteFideId "8605564"]
[BlackFideId "3801934"]
[WhiteElo "2471"]
[BlackElo "2341"]
[Result "*"]
[Round "03"]
[TimeControl "180+1"]
[Date "2022.04.05"]
[WhiteClock "0:02:00"]
[BlackClock "0:00:41"]

1. e4 e6 2. d4 d5 3. e5 c5 4. c3 Nc6 5. Nf3 Bd7 6. Be2 Nge7 7. dxc5 Ng6 8. b4 a5 9. O-O axb4 10. cxb4 Nxb4 11. Be3 Qc7 12. Nc3 Nxe5 13. Nxe5 Qxe5 14. Nb5 Rc8 15. Qd2 Bxb5 16. Bxb5+ Nc6 17. Rae1 Be7 18. Bd4 Qb8 *


[Site "https://www.chess.com"]

[Event "Titled Tuesday Blitz April 05 Early 2022"]
[White "Yordanov, Nikolay Plamenov"]
[Black "Prado Lobo, Jonas"]
[WhiteFideId "2907445"]
[BlackFideId "32050666"]
[WhiteElo "2248"]
[BlackElo "2214"]
[Result "1-0"]
[Round "03"]
[TimeControl "180+1"]
[Date "2022.04.05"]
[WhiteClock "0:00:40"]
[BlackClock "0:00:21"]

1. d4 Nf6 2. Bf4 c5 3. e3 e6 4. Nf3 b6 5. Nbd2 Bb7 6. c3 d6 7. h3 Nbd7 8. Bd3 Qe7 9. e4 e5 10. dxe5 Nxe5 11. Nxe5 dxe5 12. Bg5 O-O-O 13. Qe2 h6 14. Bh4 g5 15. Bg3 h5 16. h4 g4 17. O-O Bh6 18. Nc4 Bf4 19. a4 Qe6 20. a5 b5 21. a6 Bxe4 22. Bxe4 Qxc4 23. Bb7+ Kc7 24. Qc2 Rd2 25. Qf5 Bxg3 26. fxg3 Qe2 27. Qxf6 e4 28. Qe7+ Kb8 29. Qe5+ 1-0


[Site "https://www.chess.com"]

[Event "Titled Tuesday Blitz April 05 Early 2022"]
[White "Yushko, Olga"]
[Black "Hamley, Ryan"]
[WhiteFideId "14114500"]
[BlackFideId "30959497"]
[WhiteElo "2028"]
[BlackElo "2540"]
[Result "0-1"]
[Round "03"]
[TimeControl "180+1"]
[Date "2022.04.05"]
[WhiteClock "0:00:16"]
[BlackClock "0:00:10"]

1. d4 Nf6 2. c4 e6 3. Nc3 d5 4. cxd5 Nxd5 5. Nf3 Nxc3 6. bxc3 c5 7. Bg5 Qa5 8. Qb3 cxd4 9. Bd2 Nc6 10. Nxd4 Be7 11. Nxc6 bxc6 12. g3 Ba6 13. Bg2 Rc8 14. O-O Bxe2 15. Rfe1 Ba6 16. Rad1 O-O 17. c4 Qc5 18. Rc1 Bf6 19. Qa4 Qd6 20. Qc2 c5 21. Bf4 Qb6 22. Qa4 e5 23. Rb1 Qe6 24. Bd5 Qd6 25. Be3 Rc7 26. Qa5 Bc8 27. Rb8 Be6 28. Bxe6 fxe6 29. Reb1 Be7 30. Rxf8+ Bxf8 31. Rb8 Kf7 32. h4 Be7 33. Ra8 Qb6 34. Qa3 Qb1+ 35. Kg2 Qe4+ 36. Kh2 Qxa8 37. Qa4 Qc6 38. Qa5 Qb6 39. Qa3 Rd7 40. Qa4 Rd4 41. Bxd4 exd4 42. Qc2 Qc6 43. Qxh7 Qf3 44. Qc2 d3 45. Qd2 Bf6 46. h5 Qe2 47. Qf4 d2 48. Qc7+ Kg8 49. Qb8+ Kh7 50. Qf4 Qxh5+ 51. Kg2 d1=Q 52. Qe4+ Qf5 53. Qe3 Qdd3 54. Qe1 Qdf3+ 55. Kg1 Qh3 56. Qf1 Qhh1# 0-1


[Site "https://www.chess.com"]